AoeStats
← I need elo plss

MegaRandom

509759294Analyzed
4v4 RM · 5d ago on Sep 27, 2026· 48m 55s· 8 players
Game mode
Random Map
Map size
Large (8 player)
Population
200
Speed
Normal
Resources
Standard
Victory
Conquest
Starting age
Dark Age
Ending age
Imperial Age
RankedLock teamsTeams togetherTeam positionsShared explorationLock speedFull tech treeHidden civsTurbo modeCheats
Victory
Defeat
🇹🇷 Franks · Türkiye
1147
+14
🇨🇱 Slavs · Chile
1113
+16
🇩🇪 Danes · Germany
1079
+17
🇩🇪 Varangians · Germany
1078
+17
🇨🇱 Mongols · Chile
1255
-22
🇨🇱 Khmer · Chile
1089
-15
🇦🇷 Wei · Argentina
1065
-14
1032
-13
I need elo plss
8:22 Loom
10:40 Feudal Age
14:10 Castle Age
15:20 Double-Bit Axe
20:57 Fletching
25:10 Padded Archer Armor
27:41 Wheelbarrow
33:03 Bow Saw
33:34 Leather Archer Armor
33:14 Bodkin Arrow
37:12 Imperial Age
35:47 Ballistics
35:17 Horse Collar
37:02 Husbandry
37:13 Bloodlines
39:04 Gold Mining
38:43 Light Cavalry
40:56 Chemistry
41:18 Bracer
42:46 Town Watch
43:16 Heavy Camel Rider
44:30 Scale Barding Armor
NPG | NUNCAPUEDOGANAR
12:23 Feudal Age
14:21 Bloodlines
14:13 Loom
15:48 Double-Bit Axe
17:51 Horse Collar
19:41 Wheelbarrow
23:17 Castle Age
22:16 Scale Barding Armor
28:48 Ballistics
28:26 Murder Holes
37:26 Imperial Age
Alexvive1
1:57 Loom
11:34 Feudal Age
12:56 Horse Collar
14:49 Double-Bit Axe
19:13 Castle Age
18:05 Gold Mining
20:34 Bloodlines
20:25 Husbandry
24:08 Heavy Plow
26:58 Scale Barding Armor
27:03 Forging
28:01 Chain Barding Armor
30:11 Iron Casting
38:39 Gold Shaft Mining
GdN_MonarKA
10:46 Feudal Age
11:14 Loom
11:41 Double-Bit Axe
12:58 Gold Mining
13:56 Town Watch
16:42 Castle Age
16:06 Stone Mining
18:28 Wheelbarrow
18:16 Bloodlines
18:07 Husbandry
18:57 Bow Saw
19:31 Horse Collar
20:40 Heavy Plow
24:45 Husbandry
26:54 Scale Barding Armor
29:23 Tuntian
34:40 Stone Shaft Mining
35:13 Chain Barding Armor
35:22 Forging
39:21 Imperial Age
12345
0:51 Loom
11:27 Feudal Age
11:58 Double-Bit Axe
21:05 Castle Age
19:28 Stone Mining
19:50 Gold Mining
20:27 Fletching
21:14 Padded Archer Armor
22:08 Bow Saw
24:27 Wheelbarrow
23:37 Town Watch
24:38 Ballistics
25:55 Treadmill Crane
28:37 Forging
28:07 Pikeman
31:28 Gold Shaft Mining
40:40 Ordonnance Companies
42:41 Bodkin Arrow
43:01 Leather Archer Armor
43:10 Leather Archer Armor
43:28 Hand Cart
47:03 Imperial Age
45:35 Forging
45:30 Scale Barding Armor
47:11 Cranequins
47:13 Heavy Mounted Crossbowman
49:08 Chemistry
48:44 Iron Casting
48:29 Chain Barding Armor
Dabbler
0:36 Loom
10:35 Feudal Age
11:37 Loom
14:17 Castle Age
12:10 Double-Bit Axe
12:13 Horse Collar
16:06 Bow Saw
17:35 Wheelbarrow
20:53 Heavy Plow
20:55 Town Watch
25:43 Scale Barding Armor
25:49 Forging
27:03 Chain Barding Armor
26:54 Bloodlines
26:45 Husbandry
27:50 Iron Casting
30:58 Vendel Legacy
42:27 Imperial Age
42:34 Gold Mining
42:34 Stone Mining
42:29 Cavalier
44:11 Blast Furnace
44:34 Plate Barding Armor
46:24 Capped Ram
47:28 Spies/Treason
48:29 Siege Ram
Locomaxi
11:15 Feudal Age
15:42 Castle Age
15:47 Fletching
21:13 Double-Bit Axe
22:55 Bodkin Arrow
22:50 Town Watch
22:51 Loom
24:42 Padded Archer Armor
27:25 Elite Skirmisher
28:23 Leather Archer Armor
29:32 Husbandry
30:30 Bloodlines
31:20 Forging
31:59 Masonry
32:44 Scale Barding Armor
32:43 Gold Mining
34:08 Ballistics
36:55 Chain Barding Armor
39:26 Wheelbarrow
49:44 Imperial Age
48:50 Town Patrol
Cool Dog
7:47 Loom
9:59 Feudal Age
12:02 Man-at-Arms
13:24 Double-Bit Axe
20:56 Castle Age
19:38 Stone Mining
19:32 Horse Collar
21:05 Scale Mail Armor
21:03 Gold Mining
22:23 Chain Mail Armor
22:00 Arson
22:07 Gambesons
23:31 Forging
30:18 Bow Saw
30:51 Fletching
32:31 Heavy Plow
37:17 Iron Casting
38:01 Wheelbarrow
44:26 Imperial Age
43:50 Hamask
45:04 Hand Cart
46:58 Elite Jomsviking
47:46 Spies/Treason
Connection lost

Rejoining the realm…

Still unreachable

The connection could not be restored.

Session expired

The server has moved on; the page needs a fresh start.